 Dungeon Crawl Stone Soup version 0.22-a0-455-ga0624bf (webtiles) character file.

304 Blackrapter the Skirmisher (level 6, -3/40 HPs)
             Began as a Gargoyle Fighter on June 5, 2018.
             Killed from afar by an orc wizard (10 damage)
             ... with a puff of frost
             ... on level 4 of the Dungeon.
             The game lasted 00:18:55 (2814 turns).

Blackrapter the Skirmisher (Gargoyle Fighter)       Turns: 2814, Time: 00:18:56

Health: -3/40      AC: 20    Str: 21    XL:     6   Next: 38%
Magic:  6/6        EV:  0    Int:  8    God:
Gold:   88         SH:  9    Dex: 10    Spells: 5/5 levels left

rFire    . . .     SeeInvis .   a - +0 long sword
rCold    . . .     Gourm    .   c - +0 shield
rNeg     + . .     Faith    .   s - +0 crystal plate armour
rPois    ∞         Spirit   .   (no helmet)
rElec    +         Reflect  .   (no cloak)
rCorr    .         Harm     .   (no gloves)
MR       .....                  (no boots)
Stlth    ..........             (no amulet)
HPRegen  0.13/turn              (no ring)
MPRegen  0.10/turn              (no ring)

@: no status effects
A: negative energy resistance 1, electricity resistance, unbreathing,
petrification resistance, rot immunity, AC +4
a: no special abilities


You were on level 4 of the Dungeon.
You were hungry.

You visited 1 branch of the dungeon, and saw 4 of its levels.

You collected 88 gold pieces.

Inventory:

Hand Weapons
 a - a +0 long sword (weapon)
Armour
 c - a +0 shield (worn)
 s - a +0 crystal plate armour (worn)
Jewellery
 h - a cursed ring of loudness {unknown}
 j - a cursed ring of teleportation {unknown}
 n - a +2 ring of dexterity {unknown}
Wands
 b - a wand of enslavement (17)
Scrolls
 i - a scroll of identify
 k - a scroll of blinking {unknown}
 l - 2 scrolls of teleportation {unknown}
 p - a scroll of amnesia {unknown}
 q - 2 scrolls of magic mapping {unknown}
 v - a scroll of immolation {unknown}
Potions
 d - 2 potions of might
 e - a potion of ambrosia {unknown}
 g - 2 potions of curing
 m - 2 potions of flight
 o - a potion of agility {unknown}
 r - a potion of heal wounds {unknown}
 t - a potion of invisibility {unknown}
 u - 2 potions of mutation
 w - a potion of cancellation {unknown}
Comestibles
 f - 8 rations


   Skills:
 + Level 5.0 Fighting
 * Level 4.9 Long Blades
 + Level 3.5 Armour
 - Level 3.2 Shields


You had 5 spell levels left.
You didn't know any spells.
Your spell library was empty.

Dungeon Overview and Level Annotations

Branches:
Dungeon (4/15)
 Temple: D:4-7

Altars:
Elyvilon
Hepliaklqana
Ru
Wu Jian
The Shining One

Annotations:
D:3 1 runed door


Innate Abilities, Weirdness & Mutations

You are resistant to torment.
Your stone body is resilient. (AC +4)
You are immune to poison.
You resist negative energy. (rN+)
You are resistant to electric shocks. (rElec)
You can survive without breathing.
You are immune to petrification.
You are immune to rotting.


Message History

The orc priest invokes the aid of Beogh against you.
Beogh smites you! You block the orc wizard's attack.
The orc wizard hits you but does no damage.
The orc priest mumbles some strange prayers to Beogh against you.
Beogh smites you!
* * * LOW HITPOINT WARNING * * *
The orc wizard hits you but does no damage.
The orc wizard hits you with a dagger.
* * * LOW HITPOINT WARNING * * *
The orc hits you but does no damage.
The orc wizard casts a cantrip, but nothing happens.
The orc priest looks braver for a moment.
Unknown command.
The orc hits you but does no damage.
The orc wizard gestures at you while chanting.
The magic dart hits you!
The orc wizard hits you but does no damage.
The orc wizard casts a spell at you. The puff of frost hits you!
You die...

####
###..##
#.....#
+.....#
#.@...#
#o##.##
###o##.###
#..o#....#
#..o#....#
#...#...<#
#..o#....#
#...#....#
##'####+##


You could see an orc priest, 2 orc wizards and 2 orcs.

Vanquished Creatures
  The ghost of TheNamelessOne the Gusty, a weakling TeAE (D:3)
  An orc priest (D:3)
  2 orc wizards (D:2)
  9 adders (D:2)
  An ooze (D:3)
  2 worms
  6 leopard geckos
  10 orcs
  A ball python (D:2)
  6 giant cockroaches
  7 goblins
  5 hobgoblins
  6 jackals
  11 kobolds
  7 bats
  2 frilled lizards
  8 rats
85 creatures vanquished.

Notes
Turn   | Place    | Note
-------+----------+-------------------------------------------
     0 | D:1      | Blackrapter the Gargoyle Fighter began the quest for the Orb.
     0 | D:1      | Reached XP level 1. HP: 14/14 MP: 1/1
   235 | D:1      | Reached XP level 2. HP: 19/19 MP: 2/2
   529 | D:1      | Reached XP level 3. HP: 17/24 MP: 3/3
   875 | D:2      | Reached skill level 4 in Fighting
   875 | D:2      | Reached XP level 4. HP: 27/29 MP: 4/4
   877 | D:2      | Found a hazy altar of Hepliaklqana.
  1014 | D:2      | Found an ornate altar of the Wu Jian Council.
  1215 | D:2      | Found a glowing golden altar of the Shining One.
  1308 | D:2      | Reached XP level 5. HP: 26/34 MP: 5/5
  1492 | D:2      | Found a sacrificial altar of Ru.
  1585 | D:2      | Found a white marble altar of Elyvilon.
  2332 | D:2      | Reached XP level 6. HP: 36/40 MP: 6/6
  2469 | D:3      | Found a white marble altar of Elyvilon.
  2469 | D:3      | Found a runed door.
  2469 | D:3      | Noticed an angel
  2544 | D:3      | Noticed TheNamelessOne's ghost (weakling TeAE)
  2574 | D:3      | Killed TheNamelessOne's ghost
  2574 | D:3      | Reached skill level 5 in Fighting
  2814 | D:4      | Killed from afar by an orc wizard

Vault maps used:
D:1:      minmay_arrival_hallway, minmay_pentomino_o4
D:2:      nicolae_overflow_crystal_walls, nicolae_ru_great_annihilating_truth,
          elyvilon_altar_1, lemuel_doored_altar, old_standard_altar
D:3:      lemuel_angel_altar
D:4:      kennysheep_mini_moat, uniq_menkaure

Skill      XL: |  1  2  3  4  5  6 |
---------------+-------------------+-----
Long Blades    | 2 3 4 |  4.9
Fighting       | 4 5 |  5.0
Armour         | |  3.5
Shields        | |  3.2

Action                   |  1- 3 |  4- 6 || total
-------------------------+-------+-------++-------
Melee: Long sword        |   104 |   230 ||   334
  Use: Scroll            |       |     3 ||     3
 Stab: Invisible         |       |     1 ||     1
  Eat: Chunk             |       |     6 ||     6
Armor: Scale mail        |    77 |    89 ||   166
       Crystal plate arm |       |    73 ||    73
Dodge: Dodged            |    42 |    54 ||    96
Block: Shield            |    51 |   114 ||   165
       Rpst.: Long sword |    15 |    21 ||    36

Table legend:
 A = Spawn XP
 B = Non-spawn XP
 C = Spawn XP percentage of total XP
 D = Spawn monster count
 E = Non-spawn monster count
 F = Spawn count percentage of total count
 G = Total turns spent on level
                    A         B        C        D         E        F      G
               +---------+---------+-------+---------+---------+-------+---------
         Total |       0 |     435 |   0.0 |       0 |      85 |   0.0 |  2814
               +---------+---------+-------+---------+---------+-------+---------
           D:1 |       0 |      49 |   0.0 |       0 |      28 |   0.0 |   830
           D:2 |       0 |     259 |   0.0 |       0 |      39 |   0.0 |  1479
           D:3 |       0 |     127 |   0.0 |       0 |      18 |   0.0 |   468
               +---------+---------+-------+---------+---------+-------+---------
